 Dungeon Crawl Stone Soup version 0.27.1-3-gb3d3a73c9e (webtiles) character file.

Game seed: 8161505621323749309

1115 pkoi the Grappler (level 8, -7/74 HPs)
             Began as a Troll Monk on Oct 21, 2021.
             Mangled by an ogre (28 damage)
             ... on level 5 of the Dungeon.
             The game lasted 00:05:12 (4144 turns).

pkoi the Grappler (Troll Monk)                      Turns: 4144, Time: 00:05:13

Health: -7/74      AC:  4    Str: 22    XL:     8   Next: 12%
Magic:  7/7        EV: 10    Int:  6    God:
Gold:   196        SH:  0    Dex: 12    Spells: 7/7 levels left

rFire    . . .     SeeInvis .     - Unarmed
rCold    . . .     Faith    .   (no shield)
rNeg     . . .     Spirit   .   a - +0 robe
rPois    .         Reflect  .   (helmet restricted)
rElec    .         Harm     .   (no cloak)
rCorr    .         Rampage  .   (gloves unavailable)
Will     .....                  (boots unavailable)
Stlth    ++........             (no amulet)
HPRegen  1.22/turn              (no ring)
MPRegen  0.10/turn              (no ring)

@: no status effects
A: large, unfitting armour, claws 3, regeneration 1, shaggy fur 1, tough skin 1
a: no special abilities


You were on level 5 of the Dungeon.
You visited 1 branch of the dungeon, and saw 5 of its levels.
You also visited: Sewer.

You collected 196 gold pieces.

Inventory:

Missiles
 c - 11 poisoned darts (quivered)
 j - 6 javelins
 m - 6 boomerangs
Armour
 a - a +0 robe (worn)
Jewellery
 d - a ring of wizardry
 i - a ring of ice
 p - a +4 ring of protection
Wands
 o - a wand of acid (4)
 r - a wand of flame (7)
Scrolls
 b - 4 scrolls of identify
 g - a scroll of enchant weapon
 n - a scroll of teleportation
Potions
 e - 3 potions of invisibility {unknown}
 f - 2 potions of degeneration {unknown}
 h - a potion of lignification {unknown}
 k - 2 potions of mutation {unknown}
 l - a potion of cancellation {unknown}
 q - a potion of curing {unknown}


   Skills:
 - Level 2.4 Fighting
 - Level 2.4 Dodging
 - Level 1.0 Stealth
 * Level 10.0 Unarmed Combat


You had 7 spell levels left.
You didn't know any spells.
Your spell library contained the following spells:

 Spells                   Type           Power      Damage    Failure   Level
 Leda's Liquefaction      Hex/Erth       0%         N/A       99%         4
 Bolt of Magma            Conj/Fire/Erth 0%         4d4       100%        5
 Statue Form              Tmut/Erth      0%         N/A       100%        6


Dungeon Overview and Level Annotations

Branches:
Dungeon (5/15)              Sewer (visited)
 Temple: D:4-7

Altars:
Cheibriados
Kikubaaqudgha
Sif Muna
Trog
Yredelemnul
The Shining One

Annotations:
D:2 1 runed translucent door, Crazy Yiuf, Sigmund


Innate Abilities, Weirdness & Mutations

You are too large for most types of armour.
You have claws for hands.
Your natural rate of healing is unusually fast.
You are covered in fur. (AC +1)
You have tough skin. (AC +1)


Message History

A bullfrog skeleton comes into view.
A bullfrog skeleton is nearby!
A bullfrog skeleton is nearby!
A bullfrog skeleton is nearby!
You claw the bullfrog skeleton!
The bullfrog skeleton is heavily damaged.
The bullfrog skeleton completely misses you.
You scratch the bullfrog skeleton but do no damage.
The bullfrog skeleton is heavily damaged.
The bullfrog skeleton closely misses you.
You claw the bullfrog skeleton! You claw the bullfrog skeleton.
You destroy the bullfrog skeleton!
You open the door.
There is an open door here.
r - a wand of flame (7)
There is an open door here.
There is an open door here.
You see here an iguana skeleton.
You open the door.
There is an open door here.
There is an open door here.
There is an open door here.
An ogre is nearby!
An ogre is nearby!
An ogre is nearby!
The ogre shouts!
The ogre hits you with a +0 giant club!!
You scratch the ogre but do no damage.
The ogre hits you with a +0 giant club!!
* * * LOW HITPOINT WARNING * * *
You completely miss the ogre. You scratch the ogre.
The ogre is lightly wounded.
The ogre closely misses you.
You claw the ogre!
The ogre is severely wounded.
You scratch the ogre.
The ogre is almost dead.
The ogre hits you with a +0 giant club!!
You die...

#...#### #........# ###
#......####### #.....<..###
..#####..._........# ######......
........._8_.......# #......
.........._........# #......
...................# #......
.........#.........# #......
.........#......O..# #...)..
'#########......@..########......
...........>.....###...##.###....
.................'..........#....
.................#..........#....
.................#..........#....
.................#......<...#....
.....[........<..#.....######....
.................#.....#.........
.................#.....'.........


You could see an ogre.

Vanquished Creatures
  A water moccasin (D:5)
  Purgy (Sewer)
  An ice beast (D:5)
  A necrophage (D:4)
  2 ogres (D:4)
  A centaur (D:5)
  A bullfrog zombie (D:5)
  An orc priest (D:3)
  A jelly (D:4)
  A bullfrog skeleton (D:5)
  3 hounds
  An iguana (D:5)
  An orc wizard (D:3)
  4 gnolls
  5 adders
  3 river rats (D:4)
  An ufetubus (D:4)
  An adder zombie (D:5)
  2 worms (D:2)
  2 dart slugs
  12 orcs
  3 endoplasms
  4 giant cockroaches
  8 goblins
  9 hobgoblins
  3 jackals (D:2)
  16 kobolds
  7 quokkas
  8 ball pythons
  5 bats
  7 frilled lizards
  2 rats (D:4)
118 creatures vanquished.

Notes
Turn   | Place    | Note
-------+----------+-------------------------------------------
     0 | D:1      | pkoi the Troll Monk began the quest for the Orb.
     0 | D:1      | Reached XP level 1. HP: 22/22 MP: 0/0
   156 | D:1      | Reached XP level 2. HP: 29/29 MP: 1/1
   208 | D:1      | Found a faded altar of an unknown god.
   370 | D:1      | Reached skill level 4 in Unarmed Combat
   824 | D:2      | Reached XP level 3. HP: 36/36 MP: 2/2
  1021 | D:2      | Noticed Sigmund
  1206 | D:2      | Found a runed translucent door.
  1207 | D:2      | Noticed Crazy Yiuf
  1293 | D:2      | Found a basalt altar of Yredelemnul.
  1742 | D:3      | Reached XP level 4. HP: 44/44 MP: 3/3
  1743 | D:3      | Reached skill level 5 in Unarmed Combat
  2437 | D:3      | Reached XP level 5. HP: 50/50 MP: 4/4
  2504 | D:3      | Reached skill level 6 in Unarmed Combat
  2618 | D:4      | Found a glowing drain.
  2639 | D:4      | Reached XP level 6. HP: 36/59 MP: 5/5
  2645 | Sewer    | Entered a sewer
  2764 | Sewer    | Noticed Purgy
  2769 | Sewer    | Killed Purgy
  2770 | Sewer    | Reached skill level 7 in Unarmed Combat
  2881 | D:4      | Reached skill level 8 in Unarmed Combat
  2881 | D:4      | Reached XP level 7. HP: 62/66 MP: 6/6
  2900 | D:4      | Found a shimmering blue altar of Sif Muna.
  3343 | D:5      | Entered Level 5 of the Dungeon
  3377 | D:5      | Reached skill level 9 in Unarmed Combat
  3390 | D:5      | Found a snail-covered altar of Cheibriados.
  3391 | D:5      | Found a bloodstained altar of Trog.
  3391 | D:5      | Found an ancient bone altar of Kikubaaqudgha.
  3392 | D:5      | Found a glowing golden altar of the Shining One.
  3843 | D:5      | Reached XP level 8. HP: 45/74 MP: 7/7
  4016 | D:5      | Reached skill level 10 in Unarmed Combat
  4144 | D:5      | Mangled by an ogre

Illustrated notes

Levels and vault maps discovered:
D:1:      saegor_arrival_under_anarchy, layout_loops_cross,
          dreamdust_ecumenical_altar_statues, chequers_serial_rivers_large_a
D:2:      minmay_chambers_of_ones, layout_basic, basic_altar,
          grunt_decor_fettered, uniq_sigmund, uniq_crazy_yiuf_cottage
D:3:      layout_loops_corners, st_stairs_9
D:4:      layout_cave_pools, mainiacjoe_overflow_concentric_impassable,
          portal_sewer_entry_c
D:5:      layout_gridville, chequers_temple_overflow_statue_of_worship

Skill      XL: |  1  2  3  4  5  6  7  8 |
---------------+-------------------------+-----
Unarmed Combat | 4 5 6 8 9 10 | 10.0
Fighting       | |  2.4
Dodging        | |  2.4
Stealth        | |  1.0

Action                   |  1- 3 |  4- 6 |  7- 9 || total
-------------------------+-------+-------+-------++-------
Melee: Unarmed           |   111 |   138 |    56 ||   305
       Punch             |       |     5 |     1 ||     6
Throw: Dart              |       |     5 |    17 ||    22
  Use: Potion            |     1 |       |       ||     1
       Scroll            |     2 |     2 |       ||     4
 Stab: Sleeping          |     5 |     4 |     1 ||    10
       Distracted        |       |     1 |       ||     1
Armor: Robe              |    32 |    45 |    15 ||    92
Dodge: Dodged            |    44 |    53 |    26 ||   123
